AoeStats
← LaisTakara

Northern Isles

510498549Analyzed
1v1 RM · 2d ago on Oct 1, 2026· 20m 24s· 2 players
Game mode
Random Map
Map size
Tiny (2 player)
Population
200
Speed
Normal
Resources
Standard
Victory
Conquest
Starting age
Dark Age
Ending age
Imperial Age
RankedLock teamsTeams togetherTeam positionsShared explorationLock speedFull tech treeHidden civsTurbo modeCheats
Victory
Defeat
🇵🇹 Huns · Portugal
457
+2
🇪🇸 Italians · Spain
24
-2
BichiArana
0:31 Loom
11:49 Feudal Age
16:54 Double-Bit Axe
19:01 Wheelbarrow
18:12 Town Watch
18:49 Fishing Lines
LaisTakara
11:32 Loom
14:03 Feudal Age
19:31 Castle Age
20:12 Fishing Lines
Connection lost

Rejoining the realm…

Still unreachable

The connection could not be restored.

Session expired

The server has moved on; the page needs a fresh start.